 Dungeon Crawl Stone Soup version 0.29.1-13-g9f3cf754e1 (webtiles) character file.

Game seed: 9837427037910838550

603841 y3s the Conqueror (level 26, -20/361 HPs)
             Began as a Minotaur Berserker on Jan 30, 2023.
             Was a High Priest of Trog.
             Demolished by an Orb Guardian (24 damage)
             ... on level 5 of the Realm of Zot.
             The game lasted 06:38:59 (83441 turns).

y3s the Conqueror (Minotaur Berserker)             Turns: 83441, Time: 06:39:01

Health: -20/361    AC: 50    Str: 20      XL:     26   Next: 56%
Magic:  17/17      EV: 16    Int:  3 (4)  God:    Trog [*****.]
Gold:   4089       SH: 35    Dex: 17 (19) Spells: 25/25 levels left

rFire   + + .      SeeInvis .   F - +8 trident (venom)
rCold   + + .      Faith    .   E - +8 tower shield
rNeg    . . .      Spirit   .   m - +10 crystal plate armour "Dyck" {+Blink rF+ Str-3 Stlth+}
rPois   +          Reflect  .   r - +2 hat
rElec   .          Harm     .   q - +4 cloak "Retwebru" {Int+4}
rCorr   .          Rampage  .   a - +0 pair of gloves of the Stallion {rPois rC++ Will+++ Int-2}
Will    ++++.                   e - +2 pair of boots
Stlth   ..........              H - amulet of Daynum {rF+ Regen+ Stlth+}
HPRegen 1.50/turn               i - +4 ring of slaying
MPRegen 0.15/turn               C - ring of the Octopus King {Fly HP+2 AC+2 EV+2 SH+2}

@: berserking (expiring), marked, flying, slowed, studying 2 skills, unable to
read, unable to drink
A: horns 2, retaliatory headbutt, clumsy 1, deformed body, deterioration 2,
dopey 1, frail 1, low MP 2, evolution 1, subdued magic 2, inability to drink
after injury 2, inability to read after injury 2
}: 3/15 runes: barnacled, silver, gossamer
a: Renounce Religion, Evoke Blink, Berserk, Trog's Hand, Brothers in Arms


You were on level 5 of the Realm of Zot.
You worshipped Trog.
Trog was extremely pleased with you.
You visited 9 branches of the dungeon, and saw 47 of its levels.
You visited the Abyss 1 time.
You visited 2 bazaars.
You also visited: Trove, Bailey, Volcano and Wizlab.

You collected 7549 gold pieces.
You spent 3460 gold pieces at shops.

Inventory:

Hand Weapons
 F - a +8 trident of venom (weapon)
 N - a +3 demon trident of electrocution
Missiles
 f - 18 atropa-tipped darts
 o - 6 boomerangs (quivered)
 t - 27 poisoned darts
 M - 7 javelins
 Y - 11 silver javelins
Armour
 a - the +0 pair of gloves of the Stallion (worn) {rPois rC++ Will+++ Int-2}
   (You acquired it on level 9 of the Dungeon)

   Int:       It affects your intelligence (-2).
   rC:        It greatly protects you from cold.
   rPois:     It protects you from poison.
   Will:      It greatly increases your willpower.
 e - a +2 pair of boots (worn)
 m - the +10 crystal plate armour "Dyck" (worn) {+Blink rF+ Str-3 Stlth+}
   (You bought it in a shop in a bazaar)

   Str:       It affects your strength (-3).
   rF:        It protects you from fire.
   +Blink:    It lets you blink.
   Stlth:     It makes you more stealthy.
 q - the +4 cloak "Retwebru" (worn) {Int+4}
   (You found it on level 12 of the Dungeon)

   Int:       It affects your intelligence (+4).
 r - a +2 hat (worn)
 E - a +8 tower shield (worn)
Jewellery
 i - a +4 ring of slaying (left hand)
 C - a ring of the Octopus King (right hand) {Fly HP+2 AC+2 EV+2 SH+2}
   (You bought it in a shop on level 2 of the Elven Halls)

   [ring of flight]

   AC:        It affects your AC (+2).
   EV:        It affects your evasion (+2).
   HP:        It affects your health (+2).
   Fly:       It grants you flight.
   SH:        It affects your SH (+2).
 H - the amulet of Daynum (around neck) {rF+ Regen+ Stlth+}
   (You bought it in a shop in a bazaar)

   [amulet of regeneration]

   rF:        It protects you from fire.
   Regen:     It increases your rate of health regeneration.
   Stlth:     It makes you more stealthy.
Wands
 w - a wand of roots (27)
 D - a wand of digging (9)
 G - a wand of mindburst (27)
 J - a wand of paralysis (35)
 K - a wand of polymorph (13)
 L - a wand of flame (59)
 T - a wand of acid (23)
Scrolls
 b - 2 scrolls of acquirement
 d - 2 scrolls of magic mapping
 n - 12 scrolls of poison
 s - 2 scrolls of silence
 v - 7 scrolls of fear
 y - 16 scrolls of teleportation
 Q - 3 scrolls of summoning
 U - 3 scrolls of blinking
Potions
 g - a potion of heal wounds
 h - 9 potions of haste
 l - 3 potions of resistance
 u - 20 potions of curing
 B - 10 potions of might
 S - 8 potions of magic
 V - 2 potions of cancellation
 W - 5 potions of ambrosia
 X - a potion of invisibility
Miscellaneous
 c - a phantom mirror
 k - a condenser vane
 x - a piece from Xom's chessboard (15/15)
 z - a box of beasts
 A - a lightning rod (3/4)
 I - a phial of floods
 O - a piece from Xom's chessboard (15/15)
 P - a condenser vane
 Z - a tin of tremorstones (2/2)


   Skills:
 O Level 27 Fighting
 - Level 4.0(11.1) Axes
 - Level 15.9(16.1) Polearms
 + Level 17.6 Throwing
 O Level 27 Armour
 - Level 21.5 Dodging
 - Level 26.0 Shields
 + Level 17.1 Evocations


You had 25 spell levels left.
You didn't know any spells.
Your spell library was empty.

Dungeon Overview and Level Annotations

Branches:
Dungeon (15/15)            Temple (0/1) D:5            Lair (5/5) D:10
 Shoals (4/4) Lair:2       Spider (4/4) Lair:2        Slime (0/5) Lair:4
    Orc (2/2) D:12            Elf (3/3) Orc:2        Vaults (5/5) D:14
  Crypt (0/3) Vaults:3     Depths (4/4) D:15            Zot (5/5) Depths:4
 Bailey (visited)         Volcano (visited)          WizLab (visited)

Altars:
Ashenzari
Dithmenos
Hepliaklqana
Kikubaaqudgha
Makhleb
Okawaru
Ru
Sif Muna
Uskayaw
Wu Jian
Xom
Yredelemnul
Zin
Jiyva

Shops:
D:1 *   D:3 *?!   Orc:2 *([=   Elf:2 =::   Shoals:1 [   Shoals:3 :   Vaults:4 (
Depths:2 ?[(=

Portals:
Hell: Depths:1 Depths:2 Depths:3 Depths:4
Abyss: Depths:2 Depths:3 Depths:4
Pandemonium: Depths:2 Depths:4
Ziggurat: Depths:3
Bazaar: Depths:4

Annotations:
D:10 1 runed translucent door
Depths:3 Kanloo's ghost, adept DgCj; Parghit
Zot:5 3 runed translucent doors, bumper's ghost, legendary KoBr


Innate Abilities, Weirdness & Mutations

You have a pair of horns on your head.
You reflexively headbutt those who attack you in melee.
You are clumsy. (Dex -2)
Armour fits poorly on your strangely shaped body.
Your body often deteriorates upon taking damage.
You are dopey. (Int -2)
You are frail. (-10% HP)
Your magical capacity is very low. (-20% MP)
You have hidden genetic potential.
Your spells are easier to cast, but less powerful.
You sometimes lose the ability to drink potions when taking damage.
You sometimes lose the ability to read scrolls when taking damage.


Message History

You block the Killer Klown's attack. The Orb Guardian hits you!!
* * * LOW HITPOINT WARNING * * *
The Killer Klown blinks!
You block the Orb Guardian's attack. x2
You impale the Killer Klown!!
You kill the Killer Klown!
Trog accepts your kill. You block the white draconian's attack.
You block something's attack.
The Orb Guardian hits you but does no damage.
You block the Orb Guardian's attack.
You feel your intelligence returning.
You hit something but do no damage. You block the Orb Guardian's attack.
The Orb Guardian hits you but does no damage.
The Killer Klown blinks!
A bolt of lightning appears from out of thin air!
The bolt of lightning misses you.
You barely miss the white draconian. You headbutt the white draconian!
The white draconian is lightly wounded.
You block the Orb Guardian's attack. x3
The white draconian hits you but does no damage.
The Orb Guardian hits you but does no damage.
The Orb Guardian hits you!!
* * * LOW HITPOINT WARNING * * *
The Killer Klown blinks! x2
The Killer Klown grows four more heads, takes them off and juggles!
The Orb Guardian hits you but does no damage.
Something barely misses you.
You barely miss the white draconian. You headbutt the white draconian!!
The white draconian is moderately wounded.
You block the Orb Guardian's attack. The Orb Guardian hits you.
* * * LOW HITPOINT WARNING * * *
You block the Orb Guardian's attack. x3
The white draconian hits you with a +0 flail.
* * * LOW HITPOINT WARNING * * *
You spit the white draconian like a pig!!!
The white draconian looks as sick as possible!
Your headbutt misses the white draconian.
The white draconian is severely wounded.
Something hits you but does no damage. You block the Orb Guardian's attack. x2
The Killer Klown blinks!
The Orb Guardian hits you!!
You die...

...X........##....## ##..
................### ###
..^##▓▓▓▓▓▓▓▓▓▓▓# # .....
..p▓▓▓ ..... ...*..▓## ......
..X§....## ....... .....D.X.#
▓▓▓▓▓▓▓▓▓ ........
.....y{XX▓▓▓.§.....▓▓
..^.d.....^...pX@d▓▓.§.......▓
.....zXXX▓...........
...p..dd...^..^0.....
p...p....▓...X.§.....
......^..▓▓.........▓
...§.....▓▓▓....^..▓▓
.p.......▓ ▓▓▓▓▓▓▓▓▓
........▓▓


You could see an orb of fire, 6 Killer Klowns, a storm dragon, a black
draconian, a yellow draconian, a white draconian (extremely poisoned), a death
cob, 8 Orb Guardians and a moth of wrath.

Vanquished Creatures
  2 ancient liches (Zot:5)
  2 orbs of fire
  Mennas (Depths:4)
  Mara (Spider:2)
  3 juggernauts (Depths:3)
  6 Killer Klowns
  Boris (twice) (Vaults:2 Depths:3)
  2 curse toes
  10 golden dragons
  2 bone dragons
  Nikola (Spider:1)
  3 electric golems
  Arachne (Spider:3)
  16 tentacled monstrosities
  A walking crystal tome (Depths:3)
  11 Orb Guardians (Zot:5)
  6 liches
  A walking divine tome (Depths:3)
  10 quicksilver dragons
  Asterion (D:15)
  2 titans
  4 krakens
  The ghost of leafyfresh the Spry, an adept MfTm of Cheibriados (Spider:2)
  2 tentacled starspawn
  11 sphinxes
  9 death cobs
  Roxanne (Spider:4)
  4 draconian monks
  5 shadow dragons
  11 storm dragons
  10 tengu reavers
  7 draconian knights
  Donald (Vaults:1)
  Agnes (Spider:1)
  9 fire giants
  4 emperor scorpions
  23 vault wardens
  12 deep elf sorcerers
  5 draconian shifters
  A cacodemon (Abyss:3)
  An iron dragon (Depths:3)
  5 orc warlords
  3 draconian scorchers
  6 ghost moths
  Louise (Spider:3)
  12 frost giants
  The ghost of Exagres the Frost Mage, a journeyman DgIE (Lair:4)
  14 ironbound preservers
  4 broodmothers
  14 draconian annihilators
  4 deep elf elementalists
  9 spriggan defenders
  4 war gargoyles
  9 black draconians
  Nessos (Orc:2)
  23 very ugly things
  6 ironbound thunderhulks
  14 yellow draconians
  2 vampire knights
  18 stone giants
  5 deep elf demonologists
  8 green draconians
  Azrael (Elf:2)
  7 deep elf annihilators
  22 purple draconians
  A minotaur (Shoals:4)
  4 entropy weavers
  9 red draconians
  19 white draconians
  6 spark wasps
  A blizzard demon (Depths:2)
  3 dire elephants (Vaults:2)
  5 deep elf death magi
  9 statues (WizLab)
  A crystal guardian (Vaults:1)
  4 merfolk javelineers
  An ettin (shapeshifter) (Vaults:4)
  14 ettins
  6 merfolk impalers
  The ghost of Riqior the Frost Mage, a journeyman GnIE of Vehumet (Lair:3)
  10 fire dragons
  9 yaktaur captains
  7 great orbs of eyes
  A great orb of eyes (shapeshifter) (Vaults:5)
  8 deep elf high priests
  8 ice dragons
  40 vault guards
  4 peacekeepers
  3 jorogumos
  4 rakshasas
  2 radroaches
  8 spriggan air magi
  5 boulder beetles
  2 merfolk aquamancers
  4 ogre magi
  2 merfolk avatars
  6 ironbound frosthearts
  7 hydras
  33 dancing weapons
  19 centaur warriors
  13 two-headed ogres
  2 death knights (D:14)
  7 tengu warriors
  6 deep troll shamans
  10 satyrs
  A vampire mage (Vaults:3)
  A death scarab (Spider:4)
  7 death yaks
  An orc high priest (Orc:2)
  11 deep elf knights
  10 deep troll earth magi
  5 thrashing horrors (Abyss:3)
  16 hell knights
  5 spriggan berserkers
  24 slime creatures
  A skeletal warrior (D:14)
  2 wretched stars (Abyss:3)
  7 sea snakes
  6 pharaoh ants
  5 steelbarb worms
  A sixfirhy (Abyss:3)
  A spatial maelstrom (Abyss:3)
  7 iron trolls
  3 flayed ghosts (Depths:3)
  3 sun moths
  A bunyip zombie (Abyss:3)
  2 glowing orange brains
  12 orb spiders
  22 orc knights
  15 ironbound convokers
  14 lindwurms
  50 deep trolls
  Pikel (D:5)
  7 wizards
  4 necromancers
  5 deep elf archers
  12 harpies
  10 phantasmal warriors
  17 fauns
  19 deep elf zephyrmancers
  18 deep elf pyromancers
  30 moths of wrath
  2 orc sorcerers (Orc:2)
  28 ugly things
  31 wolf spiders
  A wolf spider (shapeshifter) (Elf:2)
  A cyclops (shapeshifter) (Depths:2)
  8 elephants (Lair:3)
  22 manticores
  An elephant (shapeshifter) (Vaults:5)
  4 cyclopes
  5 black mambas
  4 merfolk sirens
  3 orange demons
  11 vault sentinels
  2 smoke demons (Abyss:3)
  An eye of devastation (shapeshifter) (Vaults:5)
  8 water nymphs
  An apocalypse crab (Abyss:3)
  A black mamba (shapeshifter) (Vaults:5)
  13 torpor snails
  14 cane toads
  A kobold demonologist (D:8)
  7 freezing wraiths
  2 unseen horrors
  A komodo dragon (shapeshifter) (Depths:2)
  15 demonic crawlers
  2 efreet
  2 guardian mummies (D:10)
  2 tormentors
  4 rime drakes
  45 yaktaurs
  7 komodo dragons
  16 tengu conjurers
  5 trolls
  18 merfolk
  2 ancient zymes (Abyss:3)
  6 meliai
  7 wind drakes
  2 red devils (Depths:2)
  3 polar bears
  16 tarantellas
  3 tyrant leeches (Lair:5)
  10 hornets
  A hornet (shapeshifter) (Depths:3)
  Prince Ribbit (D:5)
  11 large abominations
  7 snapping turtles
  17 dream sheep
  10 raiju (Abyss:3)
  21 blink frogs
  20 culicivoras
  24 jumping spiders
  A jumping spider (shapeshifter) (D:14)
  12 water elementals
  A flying skull (Vaults:3)
  A vampire (D:9)
  2 ynoxinuls
  Sigmund (D:3)
  3 air elementals
  2 shadows
  7 spriggans
  11 starcursed masses
  A fire elemental (Elf:2)
  A yak (shapeshifter) (Elf:2)
  7 fire bats (Volcano)
  4 wyverns
  2 wraiths
  31 yaks
  10 basilisks
  3 neqoxecs (Abyss:3)
  5 steam dragons
  43 redbacks
  3 swamp worms (Lair:3)
  5 vampire mosquitoes
  A harpy simulacrum (D:15)
  Edmund (D:5)
  4 wargs
  A swamp worm (shapeshifter) (Abyss:3)
  An acid dragon (D:12)
  A naga (shapeshifter) (D:15)
  4 hell hounds
  15 water moccasins
  A floating eye (Vaults:4)
  2 sky beasts
  37 orc warriors
  An ice beast (D:5)
  5 boggarts
  A black bear (shapeshifter) (D:14)
  15 small abominations
  7 ogres
  A phantom (D:4)
  10 wolves
  12 centaurs
  12 kobold brigands
  22 bullfrogs
  5 necrophages
  2 gnoll sergeants
  4 earth elementals
  2 scorpions (D:6)
  3 wights
  A human simulacrum (Vaults:1)
  8 howler monkeys
  8 electric eels
  A quasit (Abyss:3)
  4 jellies
  22 orc priests
  3 hounds
  A gnoll bouda (D:6)
  2 iguanas
  21 orc wizards
  8 adders
  13 gnolls
  A shadow imp (D:6)
  A white imp (D:5)
  4 ufetubi
  3 worms
  A dart slug (D:5)
  88 orcs
  5 ball pythons
  8 endoplasms
  A giant cockroach (D:2)
  11 goblins
  12 hobgoblins
  A quokka (D:4)
  5 bats
  A frilled lizard (D:1)
  12 kobolds
  5 rats
  A spectral goblin (D:9)
  A tentacle (Shoals:1)
2087 creatures vanquished.

Vanquished Creatures (collateral kills)
  A dread lich (Zot:1)
  Bai Suzhen (Spider:3)
  A curse toe (Zot:1)
  A tentacled monstrosity (Zot:1)
  A deep elf blademaster (Elf:3)
  A draconian knight (Zot:4)
  An orc warlord (Orc:2)
  A ghost moth (Spider:3)
  A stone giant (Depths:3)
  An ironbound thunderhulk (Vaults:2)
  A deep elf demonologist (Elf:1)
  An entropy weaver (Spider:3)
  2 white draconians
  A merfolk impaler (Shoals:2)
  A great orb of eyes (Vaults:3)
  A yaktaur captain (Vaults:2)
  An ironbound frostheart (Vaults:3)
  A deep elf knight (Elf:1)
  A wretched star (Abyss:3)
  2 deep trolls (Vaults:2)
  2 orb spiders (Spider:3)
  A deep elf archer (Elf:1)
  A deep elf pyromancer (Elf:1)
  2 harpies (Shoals:2)
  2 orc knights
  2 deep elf zephyrmancers (Elf:1)
  An ironbound convoker (Vaults:1)
  An ugly thing (D:13)
  A faun (Shoals:2)
  A wolf spider (Spider:3)
  A freezing wraith (Vaults:3)
  5 yaktaurs
  3 tengu conjurers (WizLab)
  A hornet (Depths:3)
  A tarantella (Spider:3)
  3 large abominations (Abyss:3)
  2 culicivoras (Spider:3)
  2 spriggans
  A spriggan (shapeshifter) (Abyss:3)
  2 redbacks (Spider:3)
  2 orc warriors (Bailey)
  An orc (Bailey)
60 creatures vanquished.

Vanquished Creatures (others)
  A tentacled monstrosity (Zot:5)
  A lich (Depths:3)
  A draconian knight (Zot:4)
  An orb spider (Spider:4)
  A tengu conjurer (WizLab)
  A small abomination (Abyss:3)
  A jumping spider (Spider:4)
  A centaur simulacrum (D:14)
  A redback (Spider:4)
  A centaur (D:12)
  A jelly (Abyss:4)
  55 fungi
  90 plants
  7 starspawn tentacles
  30 tentacles
193 creatures vanquished.

Grand Total: 2340 creatures vanquished

Notes
Turn   | Place    | Note
-------+----------+-------------------------------------------
     0 | D:1      | y3s the Minotaur Berserker began the quest for the Orb.
     0 | D:1      | Reached XP level 1. HP: 19/19 MP: 0/0
   300 | D:1      | Reached XP level 2. HP: 26/26 MP: 1/1
   326 | D:1      | Found Ecethrizi's Assorted Antiques.
  1029 | D:2      | Found a faded altar of an unknown god.
  1202 | D:2      | Reached skill level 5 in Polearms
  1418 | D:2      | Reached XP level 3. HP: 29/31 MP: 2/2
  1696 | D:2      | Found a glowing silver altar of Zin.
  1870 | D:3      | Found an ancient bone altar of Kikubaaqudgha.
  1952 | D:3      | Reached XP level 4. HP: 13/39 MP: 3/3
  2287 | D:3      | Found a basalt altar of Yredelemnul.
  2334 | D:3      | Found Zuqug's Distillery.
  2354 | D:3      | Found Uqailiubb's General Store.
  2505 | D:3      | Noticed Sigmund
  2518 | D:3      | Killed Sigmund
  2519 | D:3      | Reached XP level 5. HP: 45/45 MP: 4/4
  2633 | D:3      | Found Xirum's Magic Scroll Shop.
  2883 | D:3      | Identified a scroll of acquirement
  2883 | D:3      | Acquired the +8 orange crystal plate armour {Archmagi,
                  | Int+3 Clar}
  2883 | D:3      | Found the +8 orange crystal plate armour {Archmagi, Int+3
                  | Clar}
  3013 | D:4      | Reached ** piety under Trog
  3057 | D:4      | Reached XP level 6. HP: 49/51 MP: 5/5
  3412 | D:4      | Noticed a hornet
  3424 | D:4      | Killed a hornet
  3425 | D:4      | Reached XP level 7. HP: 57/57 MP: 6/6
  3428 | D:4      | Reached skill level 10 in Polearms
  3710 | D:4      | Identified the +0 ring mail of Dishonesty {Str+3}
  3732 | D:4      | Found an iron altar of Okawaru.
  4398 | D:4      | Found a glowing silver altar of Zin.
  4762 | D:5      | Entered Level 5 of the Dungeon
  4782 | D:5      | Noticed Edmund
  4795 | D:5      | Killed Edmund
  4796 | D:5      | Reached XP level 8. HP: 55/64 MP: 7/7
  5053 | D:5      | Found a shimmering altar of Xom.
  5128 | D:5      | Noticed Pikel
  5138 | D:5      | Killed Pikel
  5172 | D:5      | Found a staircase to the Ecumenical Temple.
  5291 | D:5      | Noticed Prince Ribbit
  5303 | D:5      | Killed Prince Ribbit
  5304 | D:5      | Reached XP level 9. HP: 63/70 MP: 8/8
  5718 | D:3      | Bought a scroll of identify for 24 gold pieces
  5792 | D:3      | Bought a scroll of identify for 28 gold pieces
  5792 | D:3      | Bought a scroll of identify for 28 gold pieces
  5792 | D:3      | Bought a scroll of identify for 28 gold pieces
  5915 | D:1      | Bought a scroll of identify for 48 gold pieces
  6440 | D:6      | Reached *** piety under Trog
  6441 | D:6      | Reached skill level 15 in Polearms
  6789 | D:6      | Found a hide-covered altar of Uskayaw.
  6937 | D:6      | Found a sacrificial altar of Ru.
  7133 | D:7      | Reached skill level 5 in Fighting
  7348 | D:7      | Paralysed by a hornet for 3 turns
  7788 | D:7      | Reached **** piety under Trog
  7813 | D:7      | Reached XP level 10. HP: 75/84 MP: 9/9
  8064 | D:8      | Reached skill level 5 in Armour
  8290 | D:8      | Noticed a two-headed ogre
  8300 | D:8      | Killed a two-headed ogre
  8430 | D:8      | Identified the +1 ring mail "Yggit" {rC+}
  8652 | D:8      | Found a shimmering blue altar of Sif Muna.
  8685 | D:8      | Noticed a rust devil
  8693 | D:8      | Noticed a smoke demon
  8710 | D:8      | Reached skill level 10 in Fighting
  9063 | D:9      | Found a flagged portal.
  9104 | Bailey   | Entered a bailey
 10345 | Bailey   | Reached XP level 11. HP: 63/101 MP: 10/10
 10584 | Bailey   | Noticed an orc knight
 10591 | Bailey   | Killed an orc knight
 10839 | D:9      | Noticed a two-headed ogre
 10852 | D:9      | Killed a two-headed ogre
 11222 | D:9      | Found a shadowy altar of Dithmenos.
 11404 | D:9      | Found a hazy altar of Hepliaklqana.
 11864 | D:9      | Found a broken altar of Ashenzari.
 11919 | D:9      | Acquired the +0 pair of gloves of the Stallion {rPois rC++
                  | Will+++ Int-2}
 11941 | D:10     | Entered Level 10 of the Dungeon
 12088 | D:10     | Found a portal to a secret trove of treasure.
 12440 | D:10     | Found a staircase to the Lair.
 12509 | D:10     | Found a runed translucent door.
 12597 | D:10     | Reached ***** piety under Trog
 12783 | D:10     | Found a burning altar of Makhleb.
 12783 | D:10     | Noticed a sixfirhy
 13037 | Lair:1   | Entered Level 1 of the Lair of Beasts
 13261 | Lair:1   | Reached skill level 10 in Armour
 14873 | D:11     | Reached XP level 12. HP: 110/118 MP: 11/11
 15033 | D:11     | Noticed a six-headed hydra
 15042 | D:11     | Killed a six-headed hydra
 15605 | D:11     | Reached skill level 1 in Throwing
 15938 | D:12     | Reached skill level 15 in Fighting
 15962 | D:12     | Found a staircase to the Orcish Mines.
 16114 | D:12     | Identified the +4 cloak "Retwebru" {Int+4}
 16301 | D:12     | Noticed a two-headed ogre
 16312 | D:12     | Killed a two-headed ogre
 16711 | D:12     | Noticed a boulder beetle
 16726 | D:12     | Killed a boulder beetle
 16929 | D:12     | You fall into a shaft and drop 2 floors!
 16946 | D:14     | Noticed a two-headed ogre
 16946 | D:14     | Noticed a two-headed ogre
 16971 | D:14     | Killed a two-headed ogre
 16976 | D:14     | Killed a two-headed ogre
 16977 | D:14     | Reached skill level 5 in Throwing
 17028 | D:14     | Found a gate to the Vaults.
 17401 | D:13     | HP: 7/183 [acid (7)]
 18701 | D:13     | Noticed an eight-headed hydra
 18707 | D:13     | Noticed a centaur warrior
 18708 | D:13     | Killed an eight-headed hydra
 18714 | D:13     | Killed a centaur warrior
 19058 | D:14     | Noticed an ogre mage
 19078 | D:14     | Reached XP level 13. HP: 130/130 MP: 12/12
 19764 | D:14     | Identified the +4 battleaxe of Ziorchiwu {elec, rPois Int-5
                  | Dex+5}
 20890 | D:15     | Entered Level 15 of the Dungeon
 21209 | D:15     | Found a staircase to the Depths.
 21209 | D:15     | Noticed a stone giant
 21337 | D:15     | Killed a stone giant
 22108 | Lair:2   | Found a staircase to the Shoals.
 22179 | Lair:2   | Reached skill level 10 in Throwing
 23038 | Lair:2   | Found a hole to the Spider Nest.
 23435 | Lair:3   | Reached XP level 14. HP: 143/144 MP: 13/13
 23477 | Lair:3   | Found a large runed translucent door.
 23478 | Lair:3   | Found a large runed translucent door.
 23486 | Lair:3   | Found a dark tunnel.
 23505 | Volcano  | Entered a volcano
 24192 | Lair:3   | Noticed Riqior's ghost (journeyman GnIE)
 24933 | Lair:3   | Killed Riqior's ghost
 25031 | Lair:4   | Found a staircase to the Slime Pits.
 25032 | Lair:4   | Found a viscous altar of Jiyva.
 25280 | Lair:4   | Found a runed translucent gate.
 25323 | Lair:4   | Found a runed translucent gate.
 25324 | Lair:4   | Found a runed translucent gate.
 25554 | Lair:4   | Noticed Exagres's ghost (journeyman DgIE)
 25559 | Lair:4   | Found the ring of Shadows {Umbra +Inv Stlth+}
 25811 | Lair:4   | Killed Exagres's ghost
 26237 | D:10     | You paid a toll of 6 scrolls of fog to enter a treasure
                  | trove
 26238 | Trove    | Entered a treasure trove
 26561 | Lair:5   | Entered Level 5 of the Lair of Beasts
 26573 | Lair:5   | Reached skill level 1 in Shields
 27050 | Lair:4   | Received a gift from Trog
 27058 | Lair:4   | Reached skill level 5 in Shields
 27496 | Lair:5   | Identified the +1 plate armour of a Million Shrikes {rF+
                  | Str+6 Int-3}
 27840 | Lair:5   | Identified the +5 morningstar of Rubbish {venom, rN+ Str+3
                  | Int-2 Dex+3}
 28364 | Lair:5   | Reached XP level 15. HP: 155/155 MP: 14/14
 28496 | Lair:5   | Reached skill level 10 in Shields
 29038 | Orc:1    | Entered Level 1 of the Orcish Mines
 29101 | Orc:1    | Received a gift from Trog
 29591 | Orc:2    | Entered Level 2 of the Orcish Mines
 29591 | Orc:2    | Found a staircase to the Elven Halls.
 29597 | Orc:2    | Reached skill level 15 in Armour
 29852 | Orc:2    | Noticed Nessos
 29865 | Orc:2    | Noticed an orc warlord
 29873 | Orc:2    | Killed Nessos
 30155 | Orc:2    | Reached ****** piety under Trog
 30386 | Orc:2    | Found Juef's Jewellery Shoppe.
 30535 | Orc:2    | Found Hadun's Antique Weapon Emporium.
 31008 | Orc:2    | Killed an orc warlord
 31198 | Orc:2    | Found Ywkokul's General Store.
 31233 | Orc:2    | Found Wemoh's Antique Armour Boutique.
 31592 | Elf:1    | Entered Level 1 of the Elven Halls
 32327 | Elf:1    | Noticed a Hell Sentinel
 32598 | Elf:1    | Reached skill level 15 in Shields
 32923 | Elf:2    | Found Xaufunoats's Book Boutique.
 32924 | Elf:2    | Found Fis Relono's Jewellery Emporium.
 33026 | Elf:2    | Noticed Azrael
 33500 | Elf:2    | Killed Azrael
 33870 | Elf:2    | Found a runed translucent gate.
 33870 | Elf:2    | Found a runed translucent gate.
 33874 | Elf:2    | Received a gift from Trog
 33910 | Elf:2    | Found a runed translucent gate.
 33924 | Elf:2    | Reached XP level 16. HP: 162/162 MP: 5/15
 34157 | Elf:3    | Entered Level 3 of the Elven Halls
 34471 | Elf:3    | Paralysed by an air elemental for 1 turns
 34475 | Elf:3    | Paralysed by an air elemental for 1 turns
 34479 | Elf:3    | Paralysed by an air elemental for 1 turns
 35250 | Elf:2    | Found Jeogemn's Book Boutique.
 35859 | Elf:3    | Noticed a deep elf blademaster
 35863 | Elf:3    | Noticed a Hell Sentinel
 36566 | Elf:3    | Paralysed by an air elemental for 1 turns
 36570 | Elf:3    | Paralysed by an air elemental for 1 turns
 36665 | Elf:3    | Received a gift from Trog
 38107 | Elf:3    | Killed a deep elf blademaster
 39001 | Elf:3    | Identified the +1 trident "Zuto" {elec, rF+ rC+}
 39064 | Elf:3    | Identified the ring of Syin {Wiz rF+ rC- rN+}
 39728 | Elf:3    | Found the +10 Black Knight's barding {ponderous, rPois rN+}
 40503 | Elf:2    | Reached XP level 17. HP: 171/171 MP: 5/16
 40532 | Elf:2    | Received a gift from Trog
 40596 | Elf:2    | Reached skill level 5 in Dodging
 41778 | Elf:2    | Bought a ring of the Octopus King {Fly HP+2 AC+2 EV+2 SH+2}
                  | for 808 gold pieces
 41778 | Elf:2    | Found the ring of the Octopus King {Fly HP+2 AC+2 EV+2
                  | SH+2}
 42021 | Shoals:1 | Entered Level 1 of the Shoals
 42026 | Shoals:1 | Noticed a kraken
 42053 | Shoals:1 | Killed a kraken
 42054 | Shoals:1 | Reached skill level 15 in Throwing
 42481 | Shoals:1 | Found Uhyong's Antique Armour Shoppe.
 43941 | Shoals:3 | Found Ymasup's Book Shoppe.
 44051 | Shoals:2 | Reached skill level 1 in Axes
 45230 | Shoals:3 | Reached skill level 10 in Dodging
 45235 | Shoals:3 | Received a gift from Trog
 45955 | Shoals:3 | Noticed a kraken
 45998 | Shoals:3 | Killed a kraken
 46135 | Shoals:3 | Noticed a kraken
 46187 | Shoals:3 | Killed a kraken
 46506 | Shoals:4 | Entered Level 4 of the Shoals
 46989 | Shoals:4 | Reached XP level 18. HP: 160/182 MP: 17/17
 47179 | Shoals:4 | Received a gift from Trog
 47317 | Shoals:4 | Found the +8 autumn katana {vorpal, manifold assault}
 47327 | Shoals:4 | Identified the +7 plate armour of Ymail {-Cast rPois rN+
                  | Stlth+}
 47826 | Shoals:4 | Reached skill level 15 in Dodging
 47945 | Shoals:4 | Got a barnacled rune of Zot
 47972 | Shoals:4 | Identified the +7 quarterstaff of Tender Mercy {drain,
                  | Dex+4 Stlth+}
 48468 | D:10     | Reached XP level 19. HP: 193/193 MP: 18/18
 48589 | Spider:1 | Entered Level 1 of the Spider Nest
 48737 | Spider:1 | Noticed Nikola
 48753 | Spider:1 | Killed Nikola
 49234 | Spider:1 | Gained mutation: Your body sometimes deteriorates upon
                  | taking damage. [mutagenic glow]
 49361 | Spider:1 | Identified the +2 quarterstaff of Dithmenos's Pride {flame,
                  | rF- rN+ Str+8 SInv}
 49598 | Spider:2 | Noticed Agnes
 49608 | Spider:1 | Killed Agnes
 50450 | Spider:2 | Reached skill level 1 in Evocations
 50555 | Spider:2 | Found a runed translucent door.
 50556 | Spider:2 | Noticed leafyfresh's ghost (adept MfTm)
 50713 | Spider:2 | Received a gift from Trog
 50899 | Spider:2 | Killed leafyfresh's ghost
 50972 | Spider:2 | Identified the +7 short sword of the Spectre {protect,
                  | *Rage +Blink rPois rCorr}
 51179 | Spider:3 | Reached skill level 5 in Evocations
 51415 | Spider:3 | Noticed Bai Suzhen
 51441 | Spider:3 | Killed Bai Suzhen
 51459 | Spider:3 | Noticed Louise
 51471 | Spider:3 | Killed Louise
 51680 | Spider:3 | Noticed Mara
 51688 | Spider:3 | Noticed y3s's illusion
 51958 | Spider:3 | Noticed y3s's illusion
 51972 | Spider:2 | Noticed y3s's illusion
 52296 | Spider:2 | Noticed y3s's illusion
 52306 | Spider:2 | Killed Mara
 52449 | Spider:4 | Entered Level 4 of the Spider Nest
 52772 | Spider:4 | Reached XP level 20. HP: 175/204 MP: 19/19
 52971 | Spider:4 | Reached skill level 10 in Evocations
 53316 | Spider:4 | Noticed Arachne
 53331 | Spider:3 | Received a gift from Trog
 53540 | Spider:3 | Killed Arachne
 53781 | Spider:4 | Identified Roxanne's Compendium of Grit
 53781 | Spider:4 | Noticed Roxanne
 53949 | Spider:4 | Killed Roxanne
 54516 | Spider:4 | Received a gift from Trog
 54661 | Spider:4 | Got a gossamer rune of Zot
 54792 | Spider:4 | Identified the +0 pair of gloves of the Living God
                  | {*Corrode +Inv rElec}
 55257 | Vaults:1 | Entered Level 1 of the Vaults
 55368 | Vaults:1 | Found a flickering gateway to a bazaar.
 55394 | Bazaar   | Entered a bazaar
 55394 | Bazaar   | Found Ceod's Antique Weapon Boutique.
 55394 | Bazaar   | Found Vutiyppu's Armour Shop.
 55394 | Bazaar   | Found Qygov's Antique Armour Shop.
 55437 | Bazaar   | Bought a +0 buckler of reflection for 153 gold pieces
 55445 | Bazaar   | Bought a pair of smoking boots for 275 gold pieces
 55445 | Bazaar   | Identified the +0 pair of boots of the World {rF+ rN+ Str-4
                  | Dex+4} (You bought it in a shop in a bazaar)
 56595 | Vaults:1 | Noticed Donald
 56618 | Vaults:1 | Killed Donald
 57269 | Vaults:2 | Noticed Boris
 57288 | Vaults:2 | Killed Boris
 57457 | Vaults:2 | Received a gift from Trog
 57575 | Vaults:2 | Reached XP level 21. HP: 198/215 MP: 20/20
 57934 | Vaults:2 | Reached skill level 15 in Evocations
 58333 | Vaults:2 | Identified the +2 ring mail of Perfidy {rF- Str+4 Int+5}
 58774 | Vaults:3 | Found a flickering gateway to a bazaar.
 58783 | Bazaar   | Entered a bazaar
 58799 | Bazaar   | Found Roedu's Assorted Antiques.
 58800 | Bazaar   | Found Hoexegh's Jewellery Shoppe.
 58845 | Bazaar   | Found Bofisojo's Assorted Antiques.
 58845 | Bazaar   | Found Vuqur's Armour Emporium.
 58902 | Bazaar   | Bought a fuming brown potion for 17 gold pieces
 59075 | Bazaar   | Bought the +10 crystal plate armour "Dyck" {+Blink rF+
                  | Str-3 Stlth+} for 1176 gold pieces
 59110 | Bazaar   | Bought the amulet of Daynum {rF+ Regen+ Stlth+} for 748
                  | gold pieces
 59795 | Vaults:3 | Received a gift from Trog
 60175 | Vaults:3 | Found a transporter.
 60206 | Vaults:3 | Found a transporter.
 60560 | Vaults:3 | Found a staircase to the Crypt.
 61183 | Vaults:3 | Identified the ring "Roil" {Will+ Stlth+}
 61193 | Vaults:3 | Identified the ring "Miak" {Fly rCorr}
 61378 | Vaults:4 | Received a gift from Trog
 61438 | Vaults:4 | Found Kesups's Weapon Shoppe.
 61477 | Vaults:4 | Found a magical portal.
 61486 | WizLab   | Entered Iskenderun's Mystic Tower
 62447 | Vaults:4 | Reached XP level 22. HP: 211/232 MP: 21/21
 62484 | Vaults:4 | Received a gift from Trog
 62494 | Vaults:4 | Acquired the ring "Namow" {+Blink rCorr Dex+4}
 62561 | Vaults:4 | Reached skill level 27 in Fighting
 62594 | Vaults:4 | Identified the +5 war axe of Ru's Pride {elec, rElec rN+
                  | SInv}
 63037 | Vaults:4 | Paralysed by a floating eye for 3 turns
 63055 | Vaults:4 | Paralysed by a floating eye for 3 turns
 63063 | Vaults:4 | Paralysed by a floating eye for 3 turns
 63070 | Vaults:4 | Paralysed by a floating eye for 2 turns
 63080 | Vaults:4 | Paralysed by a floating eye for 2 turns
 63089 | Vaults:4 | Paralysed by a floating eye for 4 turns
 63229 | Vaults:4 | Noticed a golden dragon
 63398 | Vaults:4 | Killed a golden dragon
 64213 | Vaults:4 | Received a gift from Trog
 64242 | Vaults:4 | Identified the +10 scale mail of Munwu {rC++ Dex-5}
 64312 | Vaults:4 | Identified the +9 falchion of Wrongful Imprisonment {flame,
                  | Str+2}
 64318 | Vaults:4 | Identified the +8 rapier of Biumut {vorpal, Fragile rPois
                  | Will++ Str+3}
 64488 | Vaults:5 | Entered Level 5 of the Vaults
 64881 | Abyss:3  | Cast into level 3 of the Abyss (tengu reaver)
 64915 | Abyss:3  | Gained mutation: Armour fits poorly on your strangely
                  | shaped body. [a neqoxec]
 65104 | Abyss:3  | Gained mutation: Your spells are a little easier to cast,
                  | but a little less powerful. [a neqoxec]
 65232 | Abyss:3  | Gained mutation: You are frail. (-10% HP) [a cacodemon]
 65423 | Abyss:3  | Paralysed by an air elemental for 1 turns
 65618 | Abyss:4  | Paralysed by accursed screaming for 1 turns
 65633 | Abyss:4  | Received a gift from Trog
 65664 | Vaults:5 | Escaped the Abyss
 65771 | Vaults:5 | Reached XP level 23. HP: 216/216 MP: 22/22
 66571 | Vaults:5 | Identified the ring "Xohyro" {*Slow rPois rN+ Str+9 SInv}
 66573 | Vaults:5 | Got a silver rune of Zot
 66826 | Vaults:5 | Identified the +6 hand axe "Geos Xumm" {spect, Fly rF-
                  | rC+++ Int-4}
 66922 | Vaults:5 | Received a gift from Trog
 67013 | Vaults:5 | Identified the +10 rapier of Exquisite Torment {protect,
                  | rElec Str+2}
 67317 | Vaults:5 | Identified the +7 shortbow of Cobwebs {venom, Str+2 Dex+4
                  | Stlth+}
 67401 | Vaults:5 | Identified the +1 robe of Light {Harm Str-3 Stlth+}
 67818 | Depths:1 | Entered Level 1 of the Depths
 67904 | Depths:1 | Identified the +0 kite shield of the Gravedigger {rF+}
 67904 | Depths:1 | Noticed Asterion
 67967 | D:15     | Killed Asterion
 68194 | Depths:1 | Found an ornate altar of the Wu Jian Council.
 68411 | Depths:1 | Received a gift from Trog
 68481 | Depths:1 | Found a gateway to Hell.
 68858 | Depths:2 | Found a one-way gate to the infinite horrors of the Abyss.
 69454 | Depths:2 | Found Mymigiw's Antique Armour Shop.
 69455 | Depths:2 | Found Borof's Jewellery Shop.
 69456 | Depths:2 | Found Quciry Imme's Magic Scroll Shop.
 69456 | Depths:2 | Found Pameaqun's Antique Weapon Shop.
 69464 | Depths:2 | Bought a scroll of enchant armour for 127 gold pieces
 69473 | Depths:2 | Identified the +1 chain mail of Ymewit {Harm Regen+ rCorr}
 69587 | Depths:2 | Identified the +1 plate armour of the Resonant God {Will+}
 69782 | Depths:2 | Found a one-way gate leading to the halls of Pandemonium.
 69881 | Depths:3 | Noticed Boris
 69894 | Depths:3 | Identified the +8 demon blade of Famine {flame, rElec rF++
                  | rC+ Int-4} (Trog gifted it to you on level 3 of the Depths)
 69894 | Depths:3 | Received a gift from Trog
 69895 | Depths:3 | Reached XP level 24. HP: 192/221 MP: 22/22
 69907 | Depths:3 | Killed Boris
 70132 | Depths:3 | Found a one-way gateway to a ziggurat.
 70263 | Depths:3 | Noticed a juggernaut
 70269 | Depths:3 | Found a transporter.
 70272 | Depths:3 | Noticed Kanloo's ghost (adept DgCj)
 70277 | Depths:3 | Found a transporter.
 70557 | Depths:3 | Noticed a juggernaut
 70588 | Depths:3 | Killed a juggernaut
 70589 | Depths:3 | Reached skill level 27 in Armour
 70651 | Depths:3 | Noticed a juggernaut
 70668 | Depths:3 | Killed a juggernaut
 70691 | Depths:3 | Received a gift from Trog
 71352 | Depths:3 | Identified the +0 pair of gloves of the Moon {*Corrode rN++
                  | Str+7}
 71652 | Depths:4 | Entered Level 4 of the Depths
 71692 | Depths:3 | Killed a juggernaut
 71978 | Depths:4 | Noticed Parghit
 71981 | Depths:4 | Noticed Mennas
 72480 | Depths:4 | Found a gateway to a bazaar.
 72539 | Depths:4 | Killed Mennas
 73263 | Depths:4 | Received a gift from Trog
 73490 | Depths:4 | Found a gate to the Realm of Zot.
 73697 | Depths:4 | Reached XP level 25. HP: 185/231 MP: 22/22
 73967 | Zot:1    | Entered Level 1 of the Realm of Zot
 74184 | Zot:1    | Identified the amulet "Exkeocoa" {Faith rC+ rCorr Dex-4}
 74899 | Zot:1    | Noticed a dread lich
 74915 | Zot:1    | Killed a dread lich
 75935 | Zot:1    | Identified the +7 great sword of Yloi {flame, rCorr Int-4
                  | Dex+4 SInv}
 77008 | Zot:1    | Received a gift from Trog
 77129 | Zot:2    | Noticed a Killer Klown
 77293 | Zot:1    | Killed a Killer Klown
 78092 | Zot:3    | Identified the +10 plate armour of Infinity {rC++ Int-3}
 79178 | Zot:4    | Received a gift from Trog
 79845 | Zot:4    | Noticed a Killer Klown
 79851 | Zot:4    | Noticed a Killer Klown
 79897 | Zot:4    | Killed a Killer Klown
 80373 | Zot:3    | Reached XP level 26. HP: 154/239 MP: 22/22
 80942 | Zot:4    | Identified the +7 shortbow of Righteous Anger {vorpal,
                  | rElec Dex+4 Stlth+}
 81163 | Zot:4    | Noticed an orb of fire
 81175 | Zot:4    | Gained mutation: You occasionally lose the ability to read
                  | scrolls when taking damage. [an orb of fire]
 81293 | Zot:4    | Lost mutation: You are frail. (-10% HP) [an orb of fire]
 81308 | Zot:4    | Gained mutation: Your spells are easier to cast, but less
                  | powerful. [an orb of fire]
 81313 | Zot:3    | Gained mutation: You are frail. (-10% HP) [an orb of fire]
 81315 | Zot:3    | Gained mutation: You have hidden genetic potential. [an orb
                  | of fire]
 81317 | Zot:3    | Gained mutation: You occasionally lose the ability to drink
                  | potions when taking damage. [an orb of fire]
 81322 | Zot:3    | Gained mutation: Your magical capacity is low. (-10% MP)
                  | [an orb of fire]
 81324 | Zot:3    | Gained mutation: Your magical capacity is very low. (-20%
                  | MP) [an orb of fire]
 81328 | Zot:3    | Gained mutation: You sometimes lose the ability to read
                  | scrolls when taking damage. [an orb of fire]
 81333 | Zot:3    | Killed an orb of fire
 82371 | Zot:5    | Entered Level 5 of the Realm of Zot
 82499 | Zot:5    | Noticed bumper's ghost (legendary KoBr)
 82521 | Zot:5    | Found a runed translucent gate.
 82521 | Zot:5    | Found a runed translucent gate.
 82522 | Zot:5    | Found a runed translucent gate.
 82801 | Zot:5    | Identified the +2 robe "Veynt" {rElec rPois rCorr Int-2}
 82807 | Zot:5    | Noticed an ancient lich
 82838 | Zot:5    | Killed an ancient lich
 82888 | Zot:5    | Noticed an orb of fire
 82910 | Zot:5    | Gained mutation: You are dopey. (Int -2) [an orb of fire]
 82911 | Zot:5    | Gained mutation: You are very frail. (-20% HP) [an orb of
                  | fire]
 83019 | Zot:4    | Gained mutation: You sometimes lose the ability to drink
                  | potions when taking damage. [an orb of fire]
 83030 | Zot:4    | Gained mutation: You are clumsy. (Dex -2) [an orb of fire]
 83048 | Zot:4    | Gained mutation: Your body often deteriorates upon taking
                  | damage. [an orb of fire]
 83050 | Zot:4    | Killed an orb of fire
 83279 | Zot:5    | Noticed an ancient lich
 83319 | Zot:5    | Killed an ancient lich
 83415 | Zot:5    | Noticed an orb of fire
 83417 | Zot:5    | Lost mutation: You are very frail. (-20% HP) [an orb of
                  | fire]
 83418 | Zot:5    | Identified the ring of the Many Ultimatums {Fly rElec rC+
                  | Str+2}
 83439 | Zot:5    | HP: 4/361 [Orb Guardian (20)]
 83441 | Zot:5    | Demolished by an Orb Guardian

Illustrated notes

Levels and vault maps discovered:
D:1:      minmay_arrival_jagged, layout_basic, serial_shops, shop,
          reono_crystal_passage, minmay_hedge_maze
D:2:      layout_loops_ring, basic_altar,
          dreamdust_ecumenical_altar_hidden_monk_grotto,
          hangedman_abyss_or_decor_lesser_grid
D:3:      layout_basic, lemuel_crystal_altar, mainiacjoe_overflow_chevrons,
          serial_aquarium, aquarium_bridge_straight [aquarium_subvault_bridge,
          aquarium_subvault_wall, aquarium_subvault_bridge,
          aquarium_subvault_wall], aquarium_window_fake, aquarium_window_corner,
          aquarium_window_2, aquarium_view_2a, serial_shops, nicolae_shop_stone,
          nicolae_shop_hallway_plus, shop, hangedman_decor_clover_reticule,
          uniq_sigmund
D:4:      cheibrodos_barr_body, layout_basic, zin_statuary,
          nicolae_overflow_crystal_walls, interstate_on_off
D:5:      layout_cave_pools, mainiacjoe_overflow_brackets,
          minmay_temple_entry_junction_2, mrwooster_statue_mirror,
          minmay_diced_spiral, uniq_prince_ribbit1, uniq_pikel, uniq_edmund
D:6:      minmay_chambers_of_threes, layout_rooms, pf_just_have_faith,
          mainiacjoe_overflow_alcove_4
D:7:      layout_loops_ring
D:8:      layout_gridville, lemuel_round_altar, special_room
          [special_room_kobold], nicolae_elevator_lobby_asterisk
D:9:      layout_long_grid, nicolae_hepliaklqana_monster_ancestors,
          nicolae_dithmenos_the_darkroom, lemuel_doored_altar, enter_bailey_5
D:10:     layout_loops_ring, nzn_makhleb_speed_demon, david_lair_generic,
          nicolae_trove_entry_path_of_doom
D:11:     layout_long_grid
D:12:     nicolae_whirlpool, layout_grid_maze, david_orc_3
D:13:     layout_loops_cross
D:14:     layout_basic, david_vaults_2, roderic_lattice_a,
          serial_co_window_serial, co_window_of_opportunity_a,
          co_window_paths_a, co_window_paths_b, co_window_corner_a,
          co_window_of_opportunity_a, co_window_corner_a, co_window_paths_a,
          co_window_cross_1, co_window_paths_b, co_window_paths_c,
          co_window_of_opportunity_c, co_window_broadway_b, glass_columns_c,
          glass_columns_c, glass_columns_c, glass_columns_b, laboratory
D:15:     grunt_enter_depths_giant_problem, layout_rooms, serial_corexii_hall,
          corexii_hall_statues_u, corexii_hall_statues_s
Lair:1:   layout_chaotic_city, beast_lair_carwin_5, lemuel_fruit_tree
Lair:2:   layout_small_grid, minmay_shoals_entry_hut,
          nicolae_spider_entry_orb_guardian, infiniplex_staircase_pool,
          grunt_megastairs_2
Lair:3:   layout_roguey, nicolae_volcano_entry_two_sided,
          ebering_ghost_disaster_area, worms_lemuel
Lair:4:   layout_hall_layers, slime_entry_1, gammafunk_ghost_split
Lair:5:   minmay_lair_end_frog_pond, layout_cave_pods
Shoals:1: layout_shoals, serial_shops, shop, nicolae_shoals_dead_sea_scrolls
Shoals:2: layout_shoals, nicolae_shoals_pincushion_passage
Shoals:3: layout_shoals, serial_shops, nicolae_stop_n_shop_1
Shoals:4: shoals_end_hellmonk_lost_city
Spider:1: layout_spider_delve, uniq_nikola
Spider:2: layout_spider_delve, ebering_ghost_reflecting_pool, uniq_agnes
Spider:3: layout_spider_delve, nicolae_spider_checkerboard, uniq_mara,
          uniq_louise, uniq_bai_suzhen
Spider:4: johnstein_spider_rune_arachne_lair, uniq_roxanne
Orc:1:    layout_caves, minmay_orc_temple_a
Orc:2:    grunt_orc_gardens, layout_caves, grunt_orc_garden, grunt_orc_garden,
          grunt_orc_garden, grunt_orc_garden, uniq_nessos
Elf:1:    layout_gridlike, hangedman_elf_represent
Elf:2:    nicolae_elf_blades_splatter_lattice
          [nicolae_blade_entry_crossed_weapons], layout_onion_city,
          minmay_shop_grove, uniq_azrael
Elf:3:    minmay_elf_hall_curves, layout_gridlike
Vaults:1: serial_ice_b, v_misc_14, nicolae_vaults_little_squares_3,
          nicolae_vaults_network_barrier, v_rooms_1,
          nicolae_vaults_ring_of_whatevers, ontoclasm_vaults_twist,
          nicolae_vaults_little_squares_6, v_pattern_4, vaults_dpeg_doors,
          v_misc_29, nicolae_vaults_diagonal_hallway_9, v_alt_pattern_5,
          layout_vaults_omnibox, serial_shops, bzr_entry_islet, uniq_donald
Vaults:2: v_rooms_4, v_misc_26, vaults_room_large_hall,
          nicolae_vaults_stairing_the_circle, nicolae_vaults_yaktaur_gun_rack,
          layout_vaults_omnigrid, uniq_boris
Vaults:3: minmay_crypt_entry_simple_corners, vaults_room_hallway,
          gammafunk_its_a_trap, v_rooms_5, hangedman_vaults_stream,
          vaults_room_grid, vaults_room_semicircle,
          nicolae_vaults_big_angled_halls, v_pattern_1,
          layout_vaults_chaotic_city, serial_shops, bzr_in_the_mist
Vaults:4: mu_enter_wizlab_5, nicolae_vaults_circle_grid_b, st_greater_box_4,
          vaults_standard_mumra_lines, v_misc_25,
          vaults_standard_mumra_enter_the_diamond, hangedman_vaults_cutoff,
          vaults_room_pools, vaults_room_pool, layout_vaults_omnicross,
          serial_shops, nicolae_shop_crystal
Vaults:5
Depths:1: layout_cave_pools, old_standard_altar, hell_entry,
          hangedman_abyss_or_decor_slice, roderic_roman_lattice,
          kennysheep_generic_room_12, uniq_asterion
Depths:2: minmay_polygon_palace, layout_cave_pools, abyss_entry, hell_entry,
          rand_demon_pan_entry_9, hangedman_decor_lopped,
          minmay_shop_grid_forest, minmay_misc_feat_diagonals
Depths:3: grunt_bent_corner, layout_gridlike, enter_ziggurat_c,
          gammafunk_ghost_arena, hell_entry, abyss_entry,
          chequers_serial_rivers_small_b, infiniplex_staircase_pool_2,
          firewood_loft
Depths:4: grunt_zot_entry_funnels, layout_cross, serial_shops, statue_bzr,
          abyss_entry, hell_entry, pan_entry, uniq_mennas, uniq_parghit
Zot:1:    layout_concentric_octagons, nzn_random_ring
Zot:2:    layout_onion_interference
Zot:3:    kennysheep_blocky_hall, layout_gridlike
Zot:4:    grunt_zot_stairs_faceoff, layout_cathedral_of_symmetry
Zot:5:    layout_onion, gammafunk_ghost_split

Skill      XL: |  1  2  3  4  5  6  7  8  9 10 11 12 13 14 15 16 17 18 19 20 21 22 23 24 25 26 |
---------------+-------------------------------------------------------------------------------+-----
Polearms       | 4 5 6 8 9 11 14 15 | 15.9
Fighting       | 6 10 14 16 18 19 20 21 22 23 24 26 27 | 27.0
Armour         | 4 7 10 14 19 21 23 26 27 | 27.0
Throwing       | 7 10 12 14 15 17 | 17.6
Shields        | 9 15 18 19 24 26 | 26.0
Dodging        | 4 13 15 16 17 18 21 | 21.5
Axes           | 4 |  4.0
Evocations     | 9 14 15 17 | 17.1

Action                   |  1- 3 |  4- 6 |  7- 9 | 10-12 | 13-15 | 16-18 | 19-21 | 22-24 | 25-27 || total
-------------------------+-------+-------+-------+-------+-------+-------+-------+-------+-------++-------
Melee: Spear             |    94 |    88 |   400 |       |       |       |       |       |       ||   582
       Headbutt          |    10 |     9 |    73 |   141 |   384 |   279 |   743 |  1091 |   614 ||  3344
       Punch             |       |     1 |     6 |    11 |     7 |       |       |       |       ||    25
       Trident           |       |       |    14 |   711 |  1599 |   931 |  1842 |   820 |  1444 ||  7361
       Demon trident     |       |       |       |       |       |   299 |   480 |  2371 |   401 ||  3551
Throw: Dart              |       |       |     9 |   119 |   175 |   115 |    23 |     5 |    12 ||   458
       Boomerang         |       |       |     2 |     9 |    63 |   195 |   132 |    53 |    69 ||   523
       Stone             |       |       |       |    10 |       |       |       |       |       ||    10
       Javelin           |       |       |       |       |     4 |       |    17 |    12 |    34 ||    67
       Throwing net      |       |       |       |       |     1 |       |       |       |       ||     1
Invok: Berserk           |     1 |     3 |     4 |    10 |    12 |     3 |     4 |       |     1 ||    38
       Trog's Hand       |       |       |       |     1 |     5 |     2 |     7 |     8 |     4 ||    27
       Brothers in Arms  |       |       |       |     2 |     3 |     3 |    10 |     7 |     5 ||    30
 Abil: Evoke Blink       |       |       |       |       |       |       |     2 |    16 |    12 ||    30
Evoke: Wand              |       |       |       |     1 |     1 |    25 |    12 |     3 |    14 ||    56
       Phial of floods   |       |       |       |       |       |       |       |     1 |       ||     1
       Lightning rod     |       |       |       |       |       |       |       |     7 |     8 ||    15
       Box of beasts     |       |       |       |       |       |       |       |     2 |     2 ||     4
       Condenser vane    |       |       |       |       |       |       |       |     2 |     1 ||     3
       Phantom mirror    |       |       |       |       |       |       |       |     1 |     2 ||     3
       Piece from Xom's  |       |       |       |       |       |       |       |     1 |     1 ||     2
  Use: Scroll            |     3 |     2 |     8 |    14 |    11 |    12 |    13 |     9 |     1 ||    73
       Potion            |       |       |       |     2 |     3 |    11 |       |     6 |     3 ||    25
 Stab: Sleeping          |     1 |       |       |       |       |       |       |       |       ||     1
       Held in net/web   |       |       |       |       |     1 |       |       |       |       ||     1
       Distracted        |       |       |       |       |       |     1 |     1 |     1 |       ||     3
       Invisible         |       |       |       |       |       |       |       |       |     1 ||     1
Armor: Animal skin       |    12 |     2 |       |       |       |       |       |       |       ||    14
       Crystal plate arm |       |    28 |   179 |   472 |   988 |   626 |   982 |  1161 |   512 ||  4948
Dodge: Dodged            |    29 |     8 |    31 |   171 |   328 |   455 |   870 |   945 |   417 ||  3254
Block: Kite shield       |       |       |       |       |   533 |   881 |   345 |       |       ||  1759
       Tower shield      |       |       |       |       |       |       |  2101 |  3814 |  1900 ||  7815
